 Dungeon Crawl Stone Soup version 0.27.1-34-g3ba077fa99 (webtiles) character file.

Game seed: 5281744924102806691

322 KamiKatze the Shield-Bearer (level 6, 0/38 HPs)
             Began as a Gargoyle Fighter on Jan 8, 2022.
             Slain by Sigmund (7 damage)
             ... on level 4 of the Dungeon.
             The game lasted 00:11:06 (3327 turns).

KamiKatze the Shield-Bearer (Gargoyle Fighter)      Turns: 3327, Time: 00:11:06

Health: 0/38       AC: 11    Str: 21    XL:     6   Next: 47%
Magic:  6/6        EV:  7    Int: 15    God:
Gold:   95         SH:  0    Dex:  9    Spells: 5/5 levels left

rFire    . . .     SeeInvis .   a - +0 war axe
rCold    . . .     Faith    .   c - +0 kite shield
rNeg     + . .     Spirit   .   b - +0 scale mail
rPois    ∞         Reflect  +   (no helmet)
rElec    +         Harm     .   (no cloak)
rCorr    .         Rampage  .   (no gloves)
Will     .....                  (no boots)
Stlth    ..........             r - amulet of reflection
HPRegen  0.12/turn              m - +6 ring of intelligence
MPRegen  0.10/turn              (no ring)

@: confused, mighty
A: sickness immunity, AC +4, negative energy resistance 1, electricity
resistance, torment resistance 1, petrification resistance
a: no special abilities


You were on level 4 of the Dungeon.
You visited 1 branch of the dungeon, and saw 4 of its levels.

You collected 150 gold pieces.
You spent 55 gold pieces at shops.

Inventory:

Hand Weapons
 a - a +0 war axe (weapon)
Missiles
 e - 113 stones (quivered)
 k - 3 atropa-tipped darts
Armour
 b - a +0 scale mail (worn)
 c - a +0 kite shield (worn)
Jewellery
 j - an amulet of guardian spirit
 m - a +6 ring of intelligence (left hand)
 r - an amulet of reflection (around neck)
Wands
 n - a wand of paralysis (12)
Scrolls
 g - a scroll of immolation {unknown}
 h - a scroll of torment {unknown}
 l - 3 scrolls of magic mapping
 q - a scroll of noise {unknown}
 s - a scroll of teleportation
Potions
 f - a potion of invisibility
 o - 2 potions of flight
 p - a potion of curing


   Skills:
 + Level 4.1 Fighting
 * Level 3.5 Axes
 + Level 4.1 Armour
 * Level 4.9 Shields
 + Level 1.0 Invocations
 + Level 1.7 Evocations


You had 5 spell levels left.
You didn't know any spells.
Your spell library contained the following spells:

 Spells                   Type           Power      Damage    Failure   Level
 Pain                     Necr           0%         1d4       95%         1
 Ozocubu's Armour         Ice            0%         N/A       100%        3
 Stone Arrow              Conj/Erth      0%         3d7       100%        3
 Animate Armour           Summ/Erth      0%         N/A       100%        4
 Agony                    Necr           0%         N/A       100%        5
 Excruciating Wounds      Necr           0%         N/A       100%        5
 Malign Gateway           Summ/Tloc      0%         N/A       100%        7
 Ozocubu's Refrigeration  Ice            0%         4d5       100%        7
 Lehudib's Crystal Spear  Conj/Erth      0%         10d2      100%        8
 Summon Horrible Things   Summ           0%         N/A       100%        8


Dungeon Overview and Level Annotations

Branches:
Dungeon (4/15)
 Temple: D:4-7

Altars:
Elyvilon
Fedhas
Kikubaaqudgha
Zin
The Shining One

Shops:
D:2 [   D:3 ?

Annotations:
D:4 Sigmund


Innate Abilities, Weirdness & Mutations

You are immune to sickness and miasma.
Your stone body is resilient. (AC +4)
You are immune to poison.
You resist negative energy. (rN+)
You are resistant to electric shocks. (rElec)
You are resistant to unholy torment.
You are immune to petrification.


Message History

Your base attributes are Str 20, Int 9, Dex 9.
Increase (S)trength, (I)ntelligence, or (D)exterity?
You feel stronger. Something hits you but does no damage.
You closely miss something. Something completely misses you.
You slash something! Something hits you but does no damage.
You closely miss something.
You hear some strange, mumbled words.
A magic dart appears from out of thin air!
The magic dart hits you but does no damage.
Your shield and scale mail prevent you from hitting something.
You hear some strange, mumbled words.
A puff of flame appears from out of thin air!
The puff of flame hits you.
* * * LOW HITPOINT WARNING * * *
You hear some strange, mumbled words.
A puff of flame appears from out of thin air!
The puff of flame hits you.
* * * LOW HITPOINT WARNING * * *
You barely miss something. Something hits you but does no damage.
You barely miss something. Something hits you but does no damage.
You slash something! Something hits you.
* * * LOW HITPOINT WARNING * * *
You closely miss something. You block something's attack.
You closely miss something. You block something's attack.
You closely miss something. Something hits you.
* * * LOW HITPOINT WARNING * * *
You barely miss something.
You hear some strange, mumbled words.
You are confused.
You barely miss something. Something hits you but does no damage.
You bump into the rock wall.
Something hits you but does no damage.
You completely miss something.
Sigmund appears from thin air!
Reactivating autopickup.
Sigmund gestures at you while chanting. The puff of flame misses you.
You miss Sigmund.
Sigmund is almost dead.
Sigmund hits you with a +0 scythe!
You die...

#.# ..... #.#
.....## #.#
Z..@... #.#
...S... #.#
..... #.# ...
#.#
#.#########.#
#......@@...#
#############


You could see Sigmund.

Vanquished Creatures
  A water moccasin (D:4)
  An orc priest (D:2)
  A hound (D:3)
  An iguana (D:4)
  4 adders
  An adder skeleton (D:4)
  3 worms
  3 dart slugs
  6 orcs
  5 endoplasms
  8 goblins
  10 hobgoblins
  5 jackals
  4 quokkas
  2 ball pythons
  3 bats
  5 frilled lizards
  5 kobolds
  7 rats
75 creatures vanquished.

Notes
Turn   | Place    | Note
-------+----------+-------------------------------------------
     0 | D:1      | KamiKatze the Gargoyle Fighter began the quest for the Orb.
     0 | D:1      | Reached XP level 1. HP: 14/14 MP: 1/1
   280 | D:1      | Reached XP level 2. HP: 18/19 MP: 2/2
   648 | D:1      | Found a faded altar of an unknown god.
   768 | D:1      | Reached XP level 3. HP: 22/23 MP: 3/3
  1440 | D:2      | Found Ettemiwe's Armour Shoppe.
  1782 | D:2      | Reached skill level 1 in Evocations
  1782 | D:2      | Reached XP level 4. HP: 28/28 MP: 4/4
  2362 | D:3      | Found a white marble altar of Elyvilon.
  2363 | D:3      | Found a glowing golden altar of the Shining One.
  2365 | D:3      | Found a glowing silver altar of Zin.
  2435 | D:3      | Reached XP level 5. HP: 30/33 MP: 3/5
  3133 | D:3      | Found Yhayd's Magic Scroll Shop.
  3140 | D:3      | Bought a scroll of identify for 22 gold pieces
  3140 | D:3      | Bought a scroll of teleportation for 33 gold pieces
  3150 | D:3      | Found an ancient bone altar of Kikubaaqudgha.
  3151 | D:3      | Found a blossoming altar of Fedhas.
  3296 | D:4      | Noticed Sigmund
  3296 | D:4      | Noticed a water moccasin
  3311 | D:4      | Killed a water moccasin
  3312 | D:4      | Reached skill level 1 in Invocations
  3312 | D:4      | Reached XP level 6. HP: 20/38 MP: 6/6
  3327 | D:4      | Slain by Sigmund

Illustrated notes

Levels and vault maps discovered:
D:1:      lightli_arrival_isolated_outpost, layout_loops_corners,
          shapermc_ecumenical_altar_hornbeckon, minmay_pentomino_u4
D:2:      layout_basic, serial_shops, shop
D:3:      layout_loops_ring, grunt_temple_overflow_growth_and_decay,
          good_gods_temple_1, serial_shops,
          nicolae_shop_competitors_out_of_business, corexii_leaking_fountain
D:4:      layout_loops_corners, mainiacjoe_overflow_tiny_flanked,
          dk_yredelemnul_ordeal, serial_shops, shop, nicolae_shop_behind_doors,
          nicolae_shop_trees, nicolae_square_shop, gammafunk_ghost_mausoleum,
          kennysheep_generic_room_9, uniq_sigmund

Skill      XL: |  1  2  3  4  5 |
---------------+----------------+-----
Axes           | 2 3 |  3.5
Shields        | 4 |  4.9
Evocations     | 1 |  1.7
Fighting       | 4 |  4.1
Armour         | 4 |  4.1
Invocations    | 1 |  1.0

Action                   |  1- 3 |  4- 6 || total
-------------------------+-------+-------++-------
Melee: War axe           |   127 |   146 ||   273
Throw: Stone             |     1 |       ||     1
  Use: Scroll            |       |     4 ||     4
       Potion            |       |     1 ||     1
Armor: Scale mail        |    67 |    49 ||   116
Dodge: Dodged            |    41 |    32 ||    73
Block: Kite shield       |    69 |    85 ||   154
